 Dungeon Crawl Stone Soup version 0.31.0-11-ge490571c62 (webtiles) character file.

Game seed: 2687297216959901300

199 Minsecho the Insei (level 5, -3/40 HPs)
             Began as a Demigod Shapeshifter on Jan 28, 2024.
             Slain by a gnoll
             ... wielding a +0 halberd
              (15 damage)
             ... on level 4 of the Dungeon.
             The game lasted 00:07:04 (3172 turns).

Minsecho the Insei (Demigod Shapeshifter)           Turns: 3172, Time: 00:07:05

Health: -3/40      AC:  5    Str: 15    XL:     5   Next: 23%
Magic:  7/7        EV: 11    Int: 12    God:
Gold:   126        SH:  4    Dex: 17    Spells: 4/4 levels left

rFire   . .          .
                       - Unarmed
rCold   . . .        u - +0 buckler
rNeg    . . .        k - +0 ring mail
rPois   .            (helmet currently unavailable)
rElec   .            (cloak currently unavailable)
rCorr   .            (gloves currently unavailable)
SInv    .            (boots currently unavailable)
Will    .....        (no amulet)
Stlth   +            (no ring)
HPRegen 0.26/turn    (no ring)
MPRegen 0.10/turn

%: no passive effects
@: beast-form
A: beast (slay +1), high MP 1, forlorn, divine attributes
a: Begin Untransformation


You were on level 4 of the Dungeon.
You were a hulking beast.
You visited 1 branch of the dungeon, and saw 4 of its levels.

You collected 126 gold pieces.

Inventory:

Missiles
 g - 5 boomerangs (quivered)
 r - 4 atropa-tipped darts
Armour
 k - a +0 ring mail (worn)
 u - a +0 buckler (worn)
Talismans
 c - a beast talisman (active)
 d - a flux talisman
Wands
 o - a wand of polymorph (14)
Scrolls
 e - 2 scrolls of revelation {unknown}
 h - a scroll of fear {unknown}
 i - 3 scrolls of teleportation {unknown}
 j - a scroll of vulnerability {unknown}
 l - a scroll of enchant armour {unknown}
 m - a scroll of brand weapon {unknown}
 n - a scroll of immolation {unknown}
 q - 2 scrolls of identify {unknown}
 s - 2 scrolls of amnesia {unknown}
Potions
 b - a potion of lignification
 f - a potion of haste {unknown}
 p - a potion of heal wounds {unknown}
 t - a potion of degeneration {unknown}


   Skills:
 + Level 1.0 Fighting
 + Level 0.5 Throwing
 + Level 0.5 Armour
 + Level 2.5 Dodging
 + Level 0.4 Stealth
 + Level 4.5 Unarmed Combat
 + Level 3.4 Shapeshifting


You had 4 spell levels left.
You didn't know any spells.
Your spell library contained the following spells:

 Spells                   Type           Power      Damage    Failure   Level
 Cigotuvi's Dreadful Rot  Necr/Alch/Air  0%         N/A       80%         2
 Dispel Undead            Necr           0%         3d6       100%        4
 Martyr's Knell           Necr/Summ      0%         N/A       100%        4
 Death Channel            Necr           0%         N/A       100%        6


Dungeon Overview and Level Annotations

Branches:
Dungeon (4/15)
 Temple: D:4-7


Innate Abilities, Weirdness & Mutations

You are a hulking beast.
Your limbs bulge with bestial killing power. (Slay +1)
You have an increased reservoir of magic. (+10% MP)
You shall have no god before yourself.
Your divine heritage dramatically boosts your attributes as you level up.


Message History

Unknown command.
Throw: 5 boomerangs
Press: ? - help, Q - select action, (/) - cycle Shift-Dir - straight line, f/p - gnoll
Aim: a gnoll, wielding a +0 halberd (63% to hit)
You throw a boomerang. The boomerang closely misses the gnoll.
The boomerang barely misses the gnoll.
The gnoll shouts!
Throw: 5 boomerangs
Press: ? - help, Q - select action, (/) - cycle Shift-Dir - straight line, f/p - gnoll
Aim: a gnoll, wielding a +0 halberd (63% to hit)
You throw a boomerang. The boomerang closely misses the gnoll.
The gnoll hits you from afar with a +0 halberd.
Unknown command.
The gnoll attacks as it pursues you! The gnoll closely misses you.
The gnoll attacks as it pursues you!
The gnoll hits you from afar with a +0 halberd.
The gnoll attacks as it pursues you! The gnoll closely misses you.
There is an open door here.
You hit the gnoll.
The gnoll is moderately wounded.
The gnoll hits you but does no damage.
You punch the gnoll!
The gnoll is almost dead.
The gnoll hits you with a +0 flail!
You hit the gnoll.
You kill the gnoll!
You hit the gnoll.
The gnoll is heavily wounded.
The gnoll hits you with a +0 flail. You block the gnoll's attack.
You hit the gnoll.
The gnoll is severely wounded.
The gnoll hits you with a +0 flail.
The gnoll hits you from afar with a +0 halberd!
* * * LOW HITPOINT WARNING * * *
Okay, then.
The gnoll attacks as it pursues you! The gnoll hits you with a +0 flail.
* * * LOW HITPOINT WARNING * * *
You feel better. You block the gnoll's attack.
The gnoll hits you from afar with a +0 halberd!
You die...

#....# #....# #....# ##
#....############# ..
#................# # #.
#................# #.##.#####
#................#
#...<....###h...............#
#........gg................'
#(...##.###................#
#.###...# #####............#
#.### #............# #.#
#............# ..#
###............# ....
................# .....
.................#


You could see 2 gnolls.

Vanquished Creatures
  A scorpion (D:4)
  An orc priest (D:2)
  A gnoll (D:4)
  4 adders
  2 dart slugs
  2 ribbon worms (D:2)
  3 orcs
  6 bats
  4 endoplasms
  3 giant cockroaches
  9 goblins
  2 hobgoblins
  4 jackals (D:2)
  2 kobolds
  2 quokkas
  4 ball pythons
  5 frilled lizards
  2 rats
  A spectral goblin (D:3)
58 creatures vanquished.

Notes
Turn   | Place    | Note
-------+----------+-------------------------------------------
     0 | D:1      | Minsecho the Demigod Shapeshifter began the quest for the
                  | Orb.
     0 | D:1      | Reached XP level 1. HP: 15/15 MP: 3/3
   267 | D:1      | Reached skill level 3 in Unarmed Combat
   267 | D:1      | Reached XP level 2. HP: 16/22 MP: 4/4
  1023 | D:2      | Reached XP level 3. HP: 23/27 MP: 5/5
  1971 | D:2      | Reached XP level 4. HP: 8/34 MP: 6/6
  2142 | D:3      | Reached skill level 4 in Unarmed Combat
  3135 | D:4      | Reached skill level 1 in Fighting
  3135 | D:4      | Reached XP level 5. HP: 35/40 MP: 7/7
  3172 | D:4      | Slain by a gnoll

Illustrated notes

Levels and vault maps discovered:
D:1:      dpeg_arrival_fog, layout_basic
D:2:      layout_basic
D:3:      layout_loops_corners, dreamdust_ecumenical_altar_drowned_temple,
          minmay_misc_feat_iff
D:4:      layout_basic, minmay_ogre_servants

Skill      XL: |  1  2  3  4 |
---------------+-------------+-----
Unarmed Combat | 3 4 |  4.5
Shapeshifting  | 3 |  3.4
Dodging        | 2 |  2.5
Fighting       | 1 |  1.0
Throwing       | |  0.5
Armour         | |  0.5
Stealth        | |  0.4

Action                     |  1- 3 |  4- 6 || total
---------------------------+-------+-------++-------
  Melee: Unarmed           |   112 |    84 ||   196
         Punch             |     2 |     1 ||     3
  Throw: Boomerang         |    12 |     3 ||    15
Ability: Begin Untransform |     1 |       ||     1
    Use: Potion            |     1 |     1 ||     2
         Scroll            |     1 |       ||     1
   Stab: Sleeping          |     1 |     1 ||     2
 Armour: Animal skin       |    31 |       ||    31
         Ring mail         |    23 |    46 ||    69
  Dodge: Dodged            |    60 |    46 ||   106
  Block: Buckler           |       |     4 ||     4
   Form: Beast             |     2 |       ||     2
